 Dungeon Sprint DCSS version 0.30.1-9-gdf580d7c3d (webtiles) character file.

Game seed: 4560194503521582041

44 Heoruswealwe the Magician (level 3, 0/28 HPs)
             Began as a Deep Elf Conjurer on Oct 10, 2023.
             Slain by an iguana (14 damage)
             ... in the Dungeon (Sprint IX: "|||||||||||||||||||||||||||||").
             The game lasted 00:01:20 (103 turns).

Heoruswealwe the Magician (Deep Elf Conjurer)        Turns: 103, Time: 00:01:20

Health: 0/28       AC:  2    Str:  4    XL:     3   Next: 39%
Magic:  9/13       EV: 12    Int: 24    God:
Gold:   0          SH:  0    Dex: 13    Spells: 14/15 levels left

rFire   . . .        a - +1 dagger (holy)
rCold   . . .        (no shield)
rNeg    . . .        c - +0 robe
rPois   .            (no helmet)
rElec   .            (no cloak)
rCorr   .            (no gloves)
SInv    .            (no boots)
Will    .....        (no amulet) Stlth
                     (no ring)
HPRegen 0.24/turn    (no ring)
MPRegen 0.13/turn

%: no teleportation
@: berserking, very quick
A: no striking features
a: no special abilities


You were in the Dungeon.
You visited 1 branch

Inventory:

Hand Weapons
 a - a +1 dagger of holy wrath (weapon)
Armour
 c - a +0 robe (worn)
Scrolls
 g - a scroll of blinking
Potions
 b - 3 potions of magic
 d - a potion of heal wounds
 e - a potion of haste
 h - a potion of curing


   Skills:
 - Level 2.4 Dodging
 - Level 2.4 Stealth
 + Level 6.9 Spellcasting
 + Level 6.9 Conjurations


You had 14 spell levels left.
You knew the following spells:

 Your Spells              Type           Power      Damage    Failure   Level
a - Magic Dart            Conj           100%       1d8       1%          1

Your spell library contained the following spells:

 Spells                   Type           Power      Damage    Failure   Level
 Searing Ray              Conj           82%        2d7       1%          2
 Dazzling Flash           Conj/Hex       48%        N/A       5%          3
 Fulminant Prism          Conj/Hex       12%        3d9       17%         4
 Iskenderun's Mystic Bla  Conj/Tloc      24%        2d7       17%         4


Dungeon Overview and Level Annotations

Branches:
Dungeon (1/1)

Altars:


Message History

There is an open door to the Dungeon, spattered with blood here.
You see here a giant cockroach corpse.
You start resting.
HP restored.
You start resting.
Magic restored.
You open the door.
A gnoll, a jelly, a phantom and 2 iguanas come into view.
The gnoll shouts!
The jelly quivers.
The iguana hisses angrily. x2
Sorry, you're not good enough to have a special ability.
A red film seems to cover your vision as you go berserk!
You feel yourself moving faster!
You feel mighty! The gnoll hits you with a +0 club.
You hit the gnoll.
The gnoll is lightly wounded.
The gnoll hits you with a +0 club.
You puncture the gnoll!
You kill the gnoll!
Your Spellcasting skill increases to level 5!
You have reached level 2!
You puncture the jelly!
Your hands burn!
The jelly is heavily wounded.
The jelly closely misses you.
You completely miss the jelly.
The jelly is heavily wounded.
You puncture the jelly!
You kill the jelly!
Your Spellcasting skill increases to level 6!
Your Conjurations skill increases to level 6!
You have reached level 3!
Your experience leads to an increase in your attributes!
Increase (S)trength, (I)ntelligence, or (D)exterity?
You feel clever. x2
You puncture the iguana!
The iguana is almost dead.
The iguana bites you!
Ouch! That really hurt!
You die...

▓.▓
▓.▓
▓†▓
▓'▓
▓†▓
▓.▓
▓.▓
▓.▓
▓@▓
▓l▓
▓W▓
▓.▓
▓.▓
▓l▓
▓.▓
▓+▓


You could see a phantom and 2 iguanas.

Vanquished Creatures
  A jelly (D)
  A gnoll (D)
  A bat (D)
  A giant cockroach (D)
  A goblin (D)
  A ball python (D)
  A frilled lizard (D)
7 creatures vanquished.

Notes
Turn   | Place    | Note
-------+----------+-------------------------------------------
     0 | D        | Heoruswealwe the Deep Elf Conjurer began the quest for the
                  | Orb.
     0 | D        | Reached XP level 1. HP: 10/10 MP: 6/6
    15 | D        | Reached skill level 5 in Conjurations
    95 | D        | Noticed a jelly
    95 | D        | Noticed an iguana
    95 | D        | Noticed a phantom
    95 | D        | Noticed an iguana
    99 | D        | Reached skill level 5 in Spellcasting
    99 | D        | Reached XP level 2. HP: 14/15 MP: 8/10
   103 | D        | Reached XP level 3. HP: 14/19 MP: 9/13
   103 | D        | Slain by an iguana

Illustrated notes

Levels and vault maps discovered:
D:        linesprint [early_d, line_temple, items_1, d_10, items_2, lair_1,
          lair_end, items_3, orc_1, orc_end, items_4, d_15, swamp_1, shoals_1,
          snake_1, spider_1, d_20, vaults_1, items_5, swamp_end, shoals_end,
          snake_end, spider_end, vaults_end, d_27, items_6, zot_1, zot_end,
          crypt_end, forest_end, elf_end, slime_end, tomb_end, abyss_end,
          pan_hell_end]

Skill      XL: |  1  2 |
---------------+-------+-----
Spellcasting   | 5 6 |  6.9
Conjurations   | 5 6 |  6.9
Dodging        | |  2.4
Stealth        | |  2.4

Action                     || total
---------------------------++-------
  Melee: Unarmed           ||    13
         Dagger            ||     6
   Cast: Magic Dart        ||     7
    Use: Potion            ||     1
 Armour: Robe              ||     2
  Dodge: Dodged            ||    15
